Workbook

Sheet Datos
A1: Concepto | B1: Valor | C1: Notas
A2: Importe del préstamo | B2: 20000 | C2: Ejemplo; cámbialo por tu importe
A3: Interés nominal anual (%) | B3: 6 | C3: Escribe 6 para un 6 %. Es un ejemplo, no un tipo vigente
A4: Plazo en meses | B4: 36 | C4: De 1 a 36
A5: Cuota mensual (cuota fija) | B5: =IF(B3=0,B2/B4,PMT(B3/1200,B4,-B2)) | C5: Sistema francés
A6: Intereses totales (cuota fija, con abonos extra) | B6: =SUM('Cuota fija'!C2:C37) | C6: Incluye el efecto de los abonos extra
A7: Abonos extra registrados | B7: =SUM('Cuota fija'!E2:E37) | C7: Suma de la columna Abono extra
A8: Meses hasta liquidar (cuota fija) | B8: =COUNTIF('Cuota fija'!F2:F37,">0.005")+1 | C8: Menos que el plazo si hay abonos extra
A9: Coste total (capital + intereses, cuota fija) | B9: =B2+B6 | C9: Sin comisiones ni seguros
A10: Primera cuota (capital fijo) | B10: ='Capital fijo'!B2 | C10: Sistema alemán
A11: Última cuota (capital fijo) | B11: =INDEX('Capital fijo'!B2:B37,B4) | C11: Sistema alemán
A12: Intereses totales (capital fijo) | B12: =SUM('Capital fijo'!C2:C37) | C12: Sistema alemán
A13: Diferencia de intereses (cuota fija - capital fijo) | B13: =B6-B12 | C13: Positivo: el capital fijo cuesta menos intereses

Sheet Cuota fija
A1: Mes | B1: Cuota | C1: Intereses | D1: Capital amortizado | E1: Abono extra | F1: Capital pendiente
A2: =IF(ROW()-1<=Datos!$B$4,ROW()-1,"") | B2: =IF(A2="","",MIN(Datos!$B$5,Datos!$B$2+C2)) | C2: =IF(A2="","",Datos!$B$2*Datos!$B$3/1200) | D2: =IF(A2="","",B2-C2) | E2: 0 | F2: =IF(A2="","",MAX(0,Datos!$B$2-D2-E2))
A3: =IF(ROW()-1<=Datos!$B$4,ROW()-1,"") | B3: =IF(A3="","",MIN(Datos!$B$5,F2+C3)) | C3: =IF(A3="","",F2*Datos!$B$3/1200) | D3: =IF(A3="","",B3-C3) | E3: 0 | F3: =IF(A3="","",MAX(0,F2-D3-E3))
A4: =IF(ROW()-1<=Datos!$B$4,ROW()-1,"") | B4: =IF(A4="","",MIN(Datos!$B$5,F3+C4)) | C4: =IF(A4="","",F3*Datos!$B$3/1200) | D4: =IF(A4="","",B4-C4) | E4: 0 | F4: =IF(A4="","",MAX(0,F3-D4-E4))
A5: =IF(ROW()-1<=Datos!$B$4,ROW()-1,"") | B5: =IF(A5="","",MIN(Datos!$B$5,F4+C5)) | C5: =IF(A5="","",F4*Datos!$B$3/1200) | D5: =IF(A5="","",B5-C5) | E5: 0 | F5: =IF(A5="","",MAX(0,F4-D5-E5))
A6: =IF(ROW()-1<=Datos!$B$4,ROW()-1,"") | B6: =IF(A6="","",MIN(Datos!$B$5,F5+C6)) | C6: =IF(A6="","",F5*Datos!$B$3/1200) | D6: =IF(A6="","",B6-C6) | E6: 0 | F6: =IF(A6="","",MAX(0,F5-D6-E6))
A7: =IF(ROW()-1<=Datos!$B$4,ROW()-1,"") | B7: =IF(A7="","",MIN(Datos!$B$5,F6+C7)) | C7: =IF(A7="","",F6*Datos!$B$3/1200) | D7: =IF(A7="","",B7-C7) | E7: 0 | F7: =IF(A7="","",MAX(0,F6-D7-E7))
A8: =IF(ROW()-1<=Datos!$B$4,ROW()-1,"") | B8: =IF(A8="","",MIN(Datos!$B$5,F7+C8)) | C8: =IF(A8="","",F7*Datos!$B$3/1200) | D8: =IF(A8="","",B8-C8) | E8: 0 | F8: =IF(A8="","",MAX(0,F7-D8-E8))
A9: =IF(ROW()-1<=Datos!$B$4,ROW()-1,"") | B9: =IF(A9="","",MIN(Datos!$B$5,F8+C9)) | C9: =IF(A9="","",F8*Datos!$B$3/1200) | D9: =IF(A9="","",B9-C9) | E9: 0 | F9: =IF(A9="","",MAX(0,F8-D9-E9))
A10: =IF(ROW()-1<=Datos!$B$4,ROW()-1,"") | B10: =IF(A10="","",MIN(Datos!$B$5,F9+C10)) | C10: =IF(A10="","",F9*Datos!$B$3/1200) | D10: =IF(A10="","",B10-C10) | E10: 0 | F10: =IF(A10="","",MAX(0,F9-D10-E10))
A11: =IF(ROW()-1<=Datos!$B$4,ROW()-1,"") | B11: =IF(A11="","",MIN(Datos!$B$5,F10+C11)) | C11: =IF(A11="","",F10*Datos!$B$3/1200) | D11: =IF(A11="","",B11-C11) | E11: 0 | F11: =IF(A11="","",MAX(0,F10-D11-E11))
A12: =IF(ROW()-1<=Datos!$B$4,ROW()-1,"") | B12: =IF(A12="","",MIN(Datos!$B$5,F11+C12)) | C12: =IF(A12="","",F11*Datos!$B$3/1200) | D12: =IF(A12="","",B12-C12) | E12: 0 | F12: =IF(A12="","",MAX(0,F11-D12-E12))
A13: =IF(ROW()-1<=Datos!$B$4,ROW()-1,"") | B13: =IF(A13="","",MIN(Datos!$B$5,F12+C13)) | C13: =IF(A13="","",F12*Datos!$B$3/1200) | D13: =IF(A13="","",B13-C13) | E13: 2000 | F13: =IF(A13="","",MAX(0,F12-D13-E13))
A14: =IF(ROW()-1<=Datos!$B$4,ROW()-1,"") | B14: =IF(A14="","",MIN(Datos!$B$5,F13+C14)) | C14: =IF(A14="","",F13*Datos!$B$3/1200) | D14: =IF(A14="","",B14-C14) | E14: 0 | F14: =IF(A14="","",MAX(0,F13-D14-E14))
... A37: =IF(ROW()-1<=Datos!$B$4,ROW()-1,"") | B37: =IF(A37="","",MIN(Datos!$B$5,F36+C37)) | C37: =IF(A37="","",F36*Datos!$B$3/1200) | D37: =IF(A37="","",B37-C37) | E37: 0 | F37: =IF(A37="","",MAX(0,F36-D37-E37))

Sheet Capital fijo
A1: Mes | B1: Cuota | C1: Intereses | D1: Capital amortizado | E1: Capital pendiente
A2: =IF(ROW()-1<=Datos!$B$4,ROW()-1,"") | B2: =IF(A2="","",C2+D2) | C2: =IF(A2="","",Datos!$B$2*Datos!$B$3/1200) | D2: =IF(A2="","",Datos!$B$2/Datos!$B$4) | E2: =IF(A2="","",MAX(0,Datos!$B$2-D2))
A3: =IF(ROW()-1<=Datos!$B$4,ROW()-1,"") | B3: =IF(A3="","",C3+D3) | C3: =IF(A3="","",E2*Datos!$B$3/1200) | D3: =IF(A3="","",Datos!$B$2/Datos!$B$4) | E3: =IF(A3="","",MAX(0,E2-D3))
A4: =IF(ROW()-1<=Datos!$B$4,ROW()-1,"") | B4: =IF(A4="","",C4+D4) | C4: =IF(A4="","",E3*Datos!$B$3/1200) | D4: =IF(A4="","",Datos!$B$2/Datos!$B$4) | E4: =IF(A4="","",MAX(0,E3-D4))
A5: =IF(ROW()-1<=Datos!$B$4,ROW()-1,"") | B5: =IF(A5="","",C5+D5) | C5: =IF(A5="","",E4*Datos!$B$3/1200) | D5: =IF(A5="","",Datos!$B$2/Datos!$B$4) | E5: =IF(A5="","",MAX(0,E4-D5))
A6: =IF(ROW()-1<=Datos!$B$4,ROW()-1,"") | B6: =IF(A6="","",C6+D6) | C6: =IF(A6="","",E5*Datos!$B$3/1200) | D6: =IF(A6="","",Datos!$B$2/Datos!$B$4) | E6: =IF(A6="","",MAX(0,E5-D6))
A7: =IF(ROW()-1<=Datos!$B$4,ROW()-1,"") | B7: =IF(A7="","",C7+D7) | C7: =IF(A7="","",E6*Datos!$B$3/1200) | D7: =IF(A7="","",Datos!$B$2/Datos!$B$4) | E7: =IF(A7="","",MAX(0,E6-D7))
A8: =IF(ROW()-1<=Datos!$B$4,ROW()-1,"") | B8: =IF(A8="","",C8+D8) | C8: =IF(A8="","",E7*Datos!$B$3/1200) | D8: =IF(A8="","",Datos!$B$2/Datos!$B$4) | E8: =IF(A8="","",MAX(0,E7-D8))
A9: =IF(ROW()-1<=Datos!$B$4,ROW()-1,"") | B9: =IF(A9="","",C9+D9) | C9: =IF(A9="","",E8*Datos!$B$3/1200) | D9: =IF(A9="","",Datos!$B$2/Datos!$B$4) | E9: =IF(A9="","",MAX(0,E8-D9))
A10: =IF(ROW()-1<=Datos!$B$4,ROW()-1,"") | B10: =IF(A10="","",C10+D10) | C10: =IF(A10="","",E9*Datos!$B$3/1200) | D10: =IF(A10="","",Datos!$B$2/Datos!$B$4) | E10: =IF(A10="","",MAX(0,E9-D10))
A11: =IF(ROW()-1<=Datos!$B$4,ROW()-1,"") | B11: =IF(A11="","",C11+D11) | C11: =IF(A11="","",E10*Datos!$B$3/1200) | D11: =IF(A11="","",Datos!$B$2/Datos!$B$4) | E11: =IF(A11="","",MAX(0,E10-D11))
A12: =IF(ROW()-1<=Datos!$B$4,ROW()-1,"") | B12: =IF(A12="","",C12+D12) | C12: =IF(A12="","",E11*Datos!$B$3/1200) | D12: =IF(A12="","",Datos!$B$2/Datos!$B$4) | E12: =IF(A12="","",MAX(0,E11-D12))
A13: =IF(ROW()-1<=Datos!$B$4,ROW()-1,"") | B13: =IF(A13="","",C13+D13) | C13: =IF(A13="","",E12*Datos!$B$3/1200) | D13: =IF(A13="","",Datos!$B$2/Datos!$B$4) | E13: =IF(A13="","",MAX(0,E12-D13))
A14: =IF(ROW()-1<=Datos!$B$4,ROW()-1,"") | B14: =IF(A14="","",C14+D14) | C14: =IF(A14="","",E13*Datos!$B$3/1200) | D14: =IF(A14="","",Datos!$B$2/Datos!$B$4) | E14: =IF(A14="","",MAX(0,E13-D14))
... A37: =IF(ROW()-1<=Datos!$B$4,ROW()-1,"") | B37: =IF(A37="","",C37+D37) | C37: =IF(A37="","",E36*Datos!$B$3/1200) | D37: =IF(A37="","",Datos!$B$2/Datos!$B$4) | E37: =IF(A37="","",MAX(0,E36-D37))
